 Dungeon Crawl Stone Soup version 0.27-a0-1144-g0b7d3b79db (webtiles) character file.

Game seed: 9495223448152912570

798 freelancePsychic the Digger (level 8, 0/41 HPs)
             Began as a Kobold Earth Elementalist on May 11, 2021.
             Slain by an orc
             ... wielding a +0 broad axe
              (4 damage)
             ... on level 5 of the Dungeon.
             The game lasted 00:18:46 (6897 turns).

freelancePsychic the Digger (KoEE)                  Turns: 6897, Time: 00:18:47

Health: 0/41       AC: 10    Str:  5    XL:     8   Next: 13%
Magic:  4/11       EV: 15    Int: 18    God:
Gold:   284        SH:  0    Dex: 16    Spells: 6/11 levels left

rFire    . . .     SeeInvis .   b - +0 hunting sling
rCold    . . .     Faith    .   (shield restricted)
rNeg     . . .     Spirit   .   c - +0 robe
rPois    .         Reflect  .   j - +2 helmet
rElec    .         Harm     .   r - +1 cloak
rCorr    .         Rampage  .   l - +1 pair of gloves {archery}
Will     .....                  w - +0 pair of boots
Stlth    +++.......             (no amulet)
HPRegen  0.13/turn              (no ring)
MPRegen  0.12/turn              (no ring)

@: no status effects
A: small, no large weapons, nightstalker 3
a: no special abilities


You were on level 5 of the Dungeon.
You visited 1 branch of the dungeon, and saw 5 of its levels.
You also visited: Sewer.

You collected 284 gold pieces.

Inventory:

Hand Weapons
 a - a +3 whip of electrocution
 b - a +0 hunting sling (weapon)
 s - a +0 short sword
 t - a +2 vampiric dagger
Missiles
 d - 14 stones (quivered ammo)
Armour
 c - a +0 robe (worn)
 h - a +0 ring mail
 j - a +2 helmet (worn)
 l - a +1 pair of gloves of archery (worn)
 q - a +0 buckler
 r - a +1 cloak (worn)
 w - a +0 pair of boots (worn)
 x - the -1 helmet of the Guild-Master {Harm *Slow +Inv rPois}
   (You found it on level 4 of the Dungeon)

   It protects you from poison.
   It lets you turn invisible.
   It may slow you when you take damage.
   It increases damage dealt and taken.
Jewellery
 v - an amulet of the acrobat
 y - a ring of flight
 A - an amulet of reflection
 B - a ring of positive energy
Wands
 D - a wand of acid (10)
Scrolls
 n - a scroll of noise {unknown}
 o - 2 scrolls of immolation
 p - a scroll of identify {@r1}
 C - 2 scrolls of amnesia
 E - a scroll of vulnerability {unknown}
Potions
 e - 5 potions of curing {@q1}
 f - a potion of might {unknown}
 g - a potion of haste {unknown}
 i - a potion of mutation {unknown}
 k - 3 potions of attraction {unknown}
 m - 3 potions of heal wounds {unknown}
 u - a potion of ambrosia {unknown}
 z - 3 potions of degeneration {unknown}


   Skills:
 - Level 2.4 Dodging
 - Level 2.6 Stealth
 - Level 2.1 Spellcasting
 + Level 6.0 Transmutations
 + Level 6.7 Earth Magic


You had 6 spell levels left.
You knew the following spells:

 Your Spells              Type           Power      Damage    Failure   Level
a - Sandblast             Erth           52%        2d12      1%          1
b - Petrify               Tmut/Erth      25%        N/A       13%         4

Your spell library contained the following spells:

 Spells                   Type           Power      Damage    Failure   Level
 Passwall                 Tmut/Erth      20%        N/A       1%          2
 Stone Arrow              Conj/Erth      28%        3d8       13%         3
 Freeze                   Ice            4%         1d3       19%         1
 Shock                    Conj/Air       4%         1d3       19%         1
 Static Discharge         Conj/Air       1%         N/A       26%         2
 Lee's Rapid Deconstruct  Erth           13%        3d10*     30%         5
 Frozen Ramparts          Ice            2%         1d2       47%         3
 Ozocubu's Armour         Ice            1%         N/A       47%         3
 Swiftness                Air            1%         N/A       47%         3
 Airstrike                Air            0%         N/A       87%         4
 Hailstorm                Conj/Ice       1%         3d3       87%         4
 Lightning Bolt           Conj/Air       0%         1d11      99%         5
 Metabolic Englaciation   Hex/Ice        0%         N/A       99%         5


Dungeon Overview and Level Annotations

Branches:
Dungeon (5/15)              Sewer (visited)
 Temple: D:4-7

Altars:
Xom


Innate Abilities, Weirdness & Mutations

You are small and have problems with some larger weapons.
You are completely attuned to the shadows.


Message History

Aiming: Petrify (quite dangerous; 13% risk of failure)
Press: ? - help, Shift-Dir - straight line, f/p - hound
Aim: a hound (moderately wounded, chance to affect: 62%)
The hound resists with significant effort.
The hound bites you but does no damage. The iguana misses you.
Fire: 19 stones
Press: ? - help, Q - select action, (/) - cycle Shift-Dir - straight line, f/p - hound
Aim: a hound (moderately wounded, 54% to hit)
You shoot a stone. The stone hits the hound.
The hound is heavily wounded.
The hound bites you but does no damage. x2; The iguana completely misses you.
Fire: 18 stones
Press: ? - help, Q - select action, (/) - cycle Shift-Dir - straight line, f/p - hound
Aim: a hound (heavily wounded, 54% to hit)
You shoot a stone. The stone hits the hound.
The hound is almost dead.
The hound barely misses you. The iguana misses you. The hound misses you.
Fire: 17 stones
Press: ? - help, Q - select action, (/) - cycle Shift-Dir - straight line, f/p - hound
Aim: a hound (almost dead, 54% to hit)
You shoot a stone. The stone hits the hound.
You kill the hound!
The iguana bites you.
The orc shouts loudly.
Your Transmutations skill increases to level 6!
Fire: 16 stones
Press: ? - help, Q - select action, (/) - cycle Shift-Dir - straight line, f - iguana
Aim: an iguana (68% to hit)
You shoot a stone. The stone hits the iguana.
The iguana is moderately wounded.
The iguana bites you. The iguana closely misses you.
Fire: 15 stones
Press: ? - help, Q - select action, (/) - cycle Shift-Dir - straight line, f/p - iguana
Aim: an iguana (moderately wounded, 68% to hit)
You shoot a stone. The stone barely misses the iguana.
The orc hits you with a +0 broad axe! The iguana bites you!
* * * LOW HITPOINT WARNING * * *
Your magical contamination has completely faded away.
The orc hits you with a +0 broad axe.
You die...

.........#
#..#..#.#
.^.#.#####
#...#.#.#
##...#### ##.####
# ##.....# #(.#
##...## ##.##
####..## #o.#
......# ##l##
.###.#### #o.#
####....# ##@##
.......##### #..#
..#...##...####.##
#...............#
.............####
#............#
.........)...#
.#...........#
.##...##...#.#


You could see an iguana and 2 orcs.

Vanquished Creatures
  An ice beast (D:5)
  An ogre (D:4)
  A scorpion (D:4)
  A howler monkey (D:5)
  A jelly (D:4)
  A centaur zombie (D:5)
  Crazy Yiuf (D:2)
  3 hounds
  An iguana (D:5)
  2 hound zombies (D:5)
  4 gnolls
  8 adders
  2 white imps
  A worm (D:2)
  5 dart slugs
  2 orcs (D:5)
  15 ball pythons
  16 endoplasms
  22 giant cockroaches
  14 goblins
  5 hobgoblins
  7 jackals
  10 quokkas
  9 bats
  9 frilled lizards
  13 kobolds
  4 rats
159 creatures vanquished.

Vanquished Creatures (others)
  A hound (D:3)
  A gnoll (D:3)
  2 hobgoblins (D:3)
  A goblin (D:3)
  A rat (D:3)
6 creatures vanquished.

Grand Total: 165 creatures vanquished

Notes
Turn   | Place    | Note
-------+----------+-------------------------------------------
     0 | D:1      | freelancePsychic the Kobold Earth Elementalist began the
                  | quest for the Orb.
     0 | D:1      | Reached XP level 1. HP: 10/10 MP: 3/3
     2 | D:1      | Noticed a human
     4 | D:1      | Noticed a barachi
     4 | D:1      | Noticed a spriggan
     6 | D:1      | Noticed a palentonga
     6 | D:1      | Noticed an elf
     8 | D:1      | Noticed a demigod
     8 | D:1      | Noticed a vampire
    10 | D:1      | Noticed a troll
    12 | D:1      | Noticed a felid
    12 | D:1      | Noticed an ogre
    14 | D:1      | Noticed a vine stalker
    14 | D:1      | Noticed a centaur
    16 | D:1      | Noticed a gargoyle
    18 | D:1      | Noticed a merfolk
    18 | D:1      | Noticed a formicid
    20 | D:1      | Noticed a draconian
    20 | D:1      | Noticed a dwarf
    22 | D:1      | Noticed a naga
    22 | D:1      | Noticed a demonspawn
    24 | D:1      | Noticed a ghoul
    24 | D:1      | Noticed a minotaur
    26 | D:1      | Noticed an octopode
    26 | D:1      | Noticed a tengu
   187 | D:1      | Reached XP level 2. HP: 6/15 MP: 1/5
   864 | D:1      | Reached XP level 3. HP: 19/19 MP: 6/6
  2101 | D:2      | Reached XP level 4. HP: 24/24 MP: 7/7
  2717 | D:2      | Found a runed translucent door.
  2720 | D:2      | Noticed Crazy Yiuf
  2734 | D:2      | Killed Crazy Yiuf
  2735 | D:2      | Reached XP level 5. HP: 6/28 MP: 0/8
  3079 | D:3      | Noticed an ogre
  3258 | D:2      | Learned a level 4 spell: Petrify
  4424 | D:3      | Found a shimmering altar of Xom.
  4431 | D:3      | Reached XP level 6. HP: 32/32 MP: 2/9
  4649 | D:4      | Identified the -1 helmet of the Guild-Master {Harm *Slow
                  | +Inv rPois}
  4754 | D:4      | Reached skill level 5 in Earth Magic
  4852 | D:4      | Noticed an ogre
  4859 | D:4      | Killed an ogre
  5297 | D:4      | Reached XP level 7. HP: 25/36 MP: 10/10
  5543 | D:4      | Identified a scroll of acquirement
  5543 | D:4      | Acquired a +1 pair of gloves of archery
  5580 | D:5      | Entered Level 5 of the Dungeon
  5614 | D:5      | Found a glowing drain.
  5627 | Sewer    | Entered a sewer
  5723 | Sewer    | Reached skill level 5 in Transmutations
  6676 | D:5      | Reached XP level 8. HP: 33/41 MP: 11/11
  6897 | D:5      | Slain by an orc

Illustrated notes

Levels and vault maps discovered:
D:1:      kb_arrival_jail, layout_loops_corners
D:2:      layout_loops_ring, serial_park_tiny_1, serial_bayou_ford_a,
          minmay_tiny_reverse_x, uniq_crazy_yiuf_cottage
D:3:      layout_rooms, xom_confusion_cloud, minmay_ogre_servants
D:4:      layout_rooms
D:5:      minmay_diamond_boxcup, layout_rooms, nicolae_ossuary_entry_plus,
          gup_sewer_entry_pipe, kennysheep_small_spiral

Skill      XL: |  1  2  3  4  5  6  7  8 |
---------------+-------------------------+-----
Transmutations | 2 3 4 5 6 |  6.0
Earth Magic    | 4 5 6 |  6.7
Dodging        | |  2.4
Stealth        | |  2.6
Spellcasting   | |  2.1

Action                   |  1- 3 |  4- 6 |  7- 9 || total
-------------------------+-------+-------+-------++-------
Melee: Short sword       |    20 |       |       ||    20
       Dagger            |       |    39 |       ||    39
       Whip              |       |    41 |     4 ||    45
 Fire: Hunting sling     |    86 |    82 |   208 ||   376
 Cast: Sandblast         |    12 |    44 |     1 ||    57
       Petrify           |       |       |     1 ||     1
  Use: Scroll            |       |       |    11 ||    11
 Stab: Sleeping          |     2 |     4 |     1 ||     7
       Distracted        |       |     1 |       ||     1
Armor: Robe              |    14 |    30 |    58 ||   102
Dodge: Dodged            |    58 |   121 |   173 ||   352

Table legend: (Time is in decaauts)
 A = Elapsed time spent in this place.
 B = Non-inter-level travel time spent in this place.
 C = Inter-level travel time spent in this place.
 D = Time resting spent in this place.
 E = Time spent auto-exploring this place.
 F = Levels seen in this place.
 G = Mean time per level.
                   A        B        C        D        E       F      G
               +--------+--------+--------+--------+--------+-----+--------+
         Total |   7096 |   6823 |    273 |    649 |   4528 |   6 | 1182.7 |
       Dungeon |   6611 |   6338 |    273 |    644 |   4528 |   5 | 1322.2 |
         Sewer |    484 |    484 |      0 |      5 |      0 |   1 |  484.0 |
               +--------+--------+--------+--------+--------+-----+--------+

Top non-repeatable levels by time:
     D:2: 1946 daAuts
     D:1: 1732 daAuts
     D:3: 980 daAuts
     D:4: 976 daAuts
     D:5: 976 daAuts
   Sewer: 484 daAuts
